 Dungeon Crawl Stone Soup version 0.27.1-35-g4d5d836560 (console) character file.

Game seed: 7477171496772777014

58 grimtooth the Skirmisher (level 3, -2/43 HPs)
             Began as a Demonspawn Abyssal Knight on June 3, 2022.
             Was a Follower of Lugonu.
             Slain by an iguana (7 damage)
             ... on level 4 of the Dungeon.
             The game lasted 00:07:54 (2650 turns).

grimtooth the Skirmisher (DsAK)                     Turns: 2650, Time: 00:07:55

Health: -2/43      AC: 11    Str: 13    XL:     3   Next: 76%
Magic:  0/4        EV: 14    Int: 13    God:    Lugonu [*.....]
Gold:   157        SH:  0    Dex: 12    Spells: 2/2 levels left

rFire    . . .     SeeInvis .   a - +1 mace
rCold    . . .     Faith    .   (no shield)
rNeg     . . .     Spirit   +   q - +0 scale mail
rPois    .         Reflect  .   (no helmet)
rElec    .         Harm     .   (no cloak)
rCorr    .         Rampage  .   h - +2 pair of gloves
Will     .....                  (no boots)
Stlth    ..........             p - amulet of guardian spirit
HPRegen  0.14/turn              (no ring)
MPRegen  0.09/turn              (no ring)

@: mighty, agile, berserking (expiring), very quick
A: icy blue scales 1, powered by pain 1
a: Renounce Religion, Depart the Abyss


You were on level 4 of the Dungeon.
You worshipped Lugonu.
Lugonu was aware of your devotion.
You visited 1 branch of the dungeon, and saw 4 of its levels.
You visited the Abyss 1 time.

You collected 157 gold pieces.

Inventory:

Hand Weapons
 a - a +1 mace (weapon)
 b - a +0 hunting sling
Missiles
 c - 62 stones
 k - 17 poisoned darts (quivered)
Armour
 h - a +2 pair of gloves (worn)
 q - a +0 scale mail (worn)
Jewellery
 n - a ring of magical power
 p - an amulet of guardian spirit (around neck)
Scrolls
 g - a scroll of silence {unknown}
 i - a scroll of amnesia {unknown}
 l - 2 scrolls of teleportation {unknown}
 o - a scroll of torment {unknown}
 r - a scroll of vulnerability {unknown}
Potions
 d - a potion of mutation
 f - 2 potions of attraction
 j - a potion of curing


   Skills:
 + Level 3.6 Fighting
 * Level 3.2 Maces & Flails
 - Level 1.7 Armour
 - Level 0.8 Dodging
 - Level 2.4 Invocations


You had 2 spell levels left.
You didn't know any spells.
Your spell library contained the following spells:

 Spells                   Type           Power      Damage    Failure   Level
 Static Discharge         Conj/Air       0%         N/A       91%         2
 Dispel Undead            Necr           0%         3d6       100%        4
 Sticky Flame             Conj/Fire      0%         2d3       100%        4


Dungeon Overview and Level Annotations

Branches:
Dungeon (4/15)
 Temple: D:4-7

Altars:
Sif Muna

Shops:
D:1 =   D:3 (

Annotations:
D:3 Sigmund


Innate Abilities, Weirdness & Mutations

You are partially covered in icy blue scales. (AC +2)
You sometimes gain a little power by taking damage.


Message History

A phantom comes into view.
You hit the kobold but do no damage. The kobold closely misses you.
The kobold hits you but does no damage.
You hit the kobold but do no damage.
Your scale mail prevents you from hitting the phantom.
An iguana comes into view.
The phantom hits you.
The phantom blinks!
You blink.
Found a scroll labelled PAOTUSKEATY.
The iguana moves out of view.
The phantom hits you!
The phantom blinks!
You blink.
You see here a stone.
You closely miss the phantom. The kobold completely misses you.
The iguana bites you!
* * * LOW HITPOINT WARNING * * *
You focus on the pain.
You feel agile all of a sudden. The phantom completely misses you.
The kobold hits you but does no damage.
It was a potion of berserk rage.
A red film seems to cover your vision as you go berserk!
You feel yourself moving faster!
You feel mighty! The iguana bites you!
* * * LOW HITPOINT WARNING * * *
You focus on the pain.
You feel very mighty all of a sudden. The phantom barely misses you.
The kobold barely misses you.
You are too berserk!
You closely miss the phantom. The iguana barely misses you.
The phantom hits you but does no damage.
You barely miss the phantom. The kobold hits you but does no damage.
The iguana closely misses you.
You barely miss the phantom. The phantom closely misses you.
The kobold hits you but does no damage. The iguana completely misses you.
You miss the phantom. The phantom closely misses you.
The kobold hits you but does no damage. The iguana barely misses you.
You closely miss the phantom. The phantom barely misses you.
The kobold hits you but does no damage.
You barely miss the phantom. The iguana misses you. The phantom hits you.
* * * LOW HITPOINT WARNING * * *
You hit the phantom.
The phantom is moderately damaged.
The kobold misses you. The iguana bites you!
You die...

.# . .# .
...# .#.
###..
#(..... .
#.l##.....
#.@##.....
#.KW......
#...##....
#...... ..
#......####
##.>......#
##.#.#.#.#
.#.#.# #
.#.#.. ....
###.?


You could see a phantom, an iguana and a kobold.

Vanquished Creatures
  2 adders
  A dart slug (D:3)
  A worm (D:2)
  An orc (D:3)
  5 ball pythons
  2 endoplasms
  2 giant cockroaches
  3 hobgoblins (D:2)
  A quokka (D:3)
  A bat (D:1)
  5 frilled lizards
  5 goblins
  4 kobolds
  3 rats
36 creatures vanquished.

Notes
Turn   | Place    | Note
-------+----------+-------------------------------------------
     0 | Abyss:1  | grimtooth the Demonspawn Abyssal Knight began the quest for
                  | the Orb.
     0 | Abyss:1  | Reached XP level 1. HP: 18/18 MP: 2/2
     0 | Abyss:1  | - ok i'm getting frustrated with this
    35 | Abyss:1  | Noticed a starcursed mass
    35 | D:1      | Escaped the Abyss
    88 | D:1      | Found Ufemifuhec's Jewellery Shoppe.
   167 | D:1      | Reached * piety under Lugonu
   264 | D:1      | Gained mutation: You sometimes gain a little power by
                  | taking damage. [demonic ancestry]
   264 | D:1      | Reached XP level 2. HP: 22/24 MP: 3/3
   907 | D:2      | Gained mutation: You are partially covered in icy blue
                  | scales. (AC +2) [demonic ancestry]
   907 | D:2      | Reached XP level 3. HP: 19/29 MP: 4/4
  1461 | D:3      | Found a faded altar of an unknown god.
  1791 | D:3      | Found Jyiket's Antique Weapon Emporium.
  2131 | D:3      | Found a shimmering blue altar of Sif Muna.
  2345 | D:3      | Noticed Sigmund
  2637 | D:4      | Noticed a phantom
  2650 | D:4      | Slain by an iguana

Illustrated notes

# .## ##
#.##.##
##.....#
#.....#
#@...#
#..........
#..#....##.
..#.
..##...
#.... .##
.# .$....
.# . ..#
#.. .# #.
... #.


Turn 0 on Abyss:1: - ok i'm getting frustrated with this

Levels and vault maps discovered:
D:1:      dpeg_arrival_leaves_temple_mockup, layout_loops_ring, serial_shops,
          shop
D:2:      layout_loops_ring
D:3:      layout_loops_ring, mainiacjoe_overflow_alcove_2,
          shapermc_ecumenical_altar_gd, serial_shops, shop, dk_noncrumbling_2,
          minmay_misc_feat_columns, dk_noncrumbling_3, uniq_sigmund
D:4:      layout_loops_cross, nicolae_overflow_crystal_walls,
          mainiacjoe_overflow_tiny_flanked

Skill      XL: |  1  2  3 |
---------------+----------+-----
Maces & Flails | 2 3 |  3.2
Fighting       | |  3.6
Armour         | |  1.7
Dodging        | |  0.8
Invocations    | |  2.4

Action                   || total
-------------------------++-------
Melee: Mace              ||    99
 Fire: Hunting sling     ||    29
Throw: Stone             ||     1
       Dart              ||     1
Invok: Depart the Abyss  ||     1
  Use: Scroll            ||     3
       Potion            ||     2
Armor: Leather armour    ||    16
       Ring mail         ||    24
       Scale mail        ||    16
Dodge: Dodged            ||    73
